 Dungeon Crawl Stone Soup version 0.29-a0-1014-ga8c0faee3b (webtiles) character file.

Game seed: 14599773627670206199

8671 BritishOli the Fighter (level 11, -3/108 HPs)
             Began as a Demonspawn Fighter on Aug 9, 2022.
             Was an Initiate of Okawaru.
             Killed by divine providence
             ... invoked by an orc priest
              (13 damage)
             ... on level 10 of the Dungeon.
             The game lasted 00:14:38 (13406 turns).

BritishOli the Fighter (Demonspawn Fighter)        Turns: 13406, Time: 00:14:39

Health: -3/108     AC: 15    Str: 23    XL:     11   Next: 13%
Magic:  11/11      EV: 26    Int: 11    God:    Okawaru [......]
Gold:   572        SH:  5    Dex: 12    Spells: 10/10 levels left

rFire   . . .      SeeInvis +   D - +7 trident of Ummeugg {speed, Str+3}
rCold   + . .      Faith    .   c - +0 buckler
rNeg    . . .      Spirit   .   b - +0 scale mail
rPois   +          Reflect  .   (helmet restricted)
rElec   .          Harm     .   L - +2 cloak
rCorr   .          Rampage  .   (no gloves)
Will    .....                   (no boots)
Stlth   ..........              n - amulet of the acrobat
HPRegen 0.28/turn               f - ring of see invisible
MPRegen 0.12/turn               N - ring of poison resistance

@: acrobatic
A: icy blue scales 3, foul stench 2, weakness stinger 2, antennae 1, robust 2
a: Renounce Religion


You were on level 10 of the Dungeon.
You worshipped Okawaru.
Okawaru was noncommittal.
You visited 2 branches of the dungeon, and saw 11 of its levels.
You also visited: Ossuary.

You collected 572 gold pieces.

Inventory:

Hand Weapons
 a - a +0 long sword
 v - the +3 hand axe of Ambiguity {spect, Contam rN+++ rCorr SInv}
   (You found it on level 6 of the Dungeon)

   When its wielder attacks, the weapon's spirit leaps out and strikes again.
   The spirit shares a part of any damage it takes with its wielder.
   rN:        It renders you almost immune to negative energy.
   SInv:      It lets you see invisible.
   Contam:    It causes magical contamination when unequipped.
   rCorr:     It protects you from acid and corrosion.
 D - the +7 trident of Ummeugg (weapon) {speed, Str+3}
   (You found it on level 5 of the Dungeon)

   Attacks with this weapon are significantly faster.
   Str:       It affects your strength (+3).
 O - a +1 vampiric falchion
Missiles
 J - 2 throwing nets (quivered)
Armour
 b - a +0 scale mail (worn)
 c - a +0 buckler (worn)
 L - a +2 cloak (worn)
Jewellery
 e - a ring of protection from cold
 f - a ring of see invisible (left hand)
 h - a ring of resist corrosion
 n - an amulet of the acrobat (around neck)
 z - an amulet of reflection
 N - a ring of poison resistance (right hand)
 S - a ring of ice
Wands
 A - a wand of flame (64)
 E - a wand of roots (8)
 P - a wand of light (7)
Scrolls
 g - 3 scrolls of enchant weapon {unknown}
 i - 2 scrolls of noise {unknown}
 l - 2 scrolls of torment {unknown}
 m - 2 scrolls of vulnerability {unknown}
 p - 2 scrolls of fog {unknown}
 q - 2 scrolls of enchant armour {unknown}
 t - 4 scrolls of teleportation {unknown}
 y - 3 scrolls of blinking {unknown}
 B - a scroll of poison {unknown}
 C - 2 scrolls of amnesia {unknown}
 F - 3 scrolls of fear {unknown}
 K - 2 scrolls of immolation {unknown}
 M - 5 scrolls of identify
 Q - a scroll of magic mapping {unknown}
 R - a scroll of acquirement {unknown}
Potions
 d - 4 potions of might
 j - 3 potions of flight
 k - 3 potions of berserk rage
 o - a potion of invisibility
 r - 4 potions of heal wounds
 s - 3 potions of brilliance
 u - a potion of cancellation
 w - a potion of ambrosia {unknown}
 x - 5 potions of curing {unknown}
 G - a potion of magic {unknown}
 H - a potion of attraction {unknown}
 I - a potion of lignification {unknown}


   Skills:
 * Level 9.8 Fighting
 * Level 8.7 Long Blades
 + Level 6.9 Armour
 + Level 5.4 Dodging
 + Level 6.9 Shields


You had 10 spell levels left.
You didn't know any spells.
Your spell library contained the following spells:

 Spells                   Type           Power      Damage    Failure   Level
 Slow                     Hex            0%         N/A       71%         1
 Sublimation of Blood     Necr           0%         N/A       83%         2
 Wereblood                Tmut           0%         N/A       83%         2
 Confusing Touch          Hex            0%         N/A       97%         3
 Portal Projectile        Hex/Tloc       0%         N/A       97%         3
 Vampiric Draining        Necr           0%         2d6       97%         3
 Leda's Liquefaction      Hex/Erth       0%         N/A       100%        4
 Orb of Destruction       Conj           0%         9d5       100%        7
 Call Canine Familiar     Summ           Unusable   N/A       N/A         3
 Summon Guardian Golem    Hex/Summ       Unusable   N/A       N/A         3
 Spellforged Servitor     Conj/Summ      Unusable   N/A       N/A         7
 Summon Hydra             Summ           Unusable   N/A       N/A         7

Dungeon Overview and Level Annotations

Branches:
Dungeon (10/15)            Temple (1/1) D:4             Orc (0/2) D:10
Ossuary (visited)
   Lair: D:8-11

Altars:
Ashenzari
Cheibriados
Dithmenos
Fedhas
Gozag
Hepliaklqana
Kikubaaqudgha
Makhleb
Nemelex Xobeh
Okawaru
Qazlal
Ru
Sif Muna
Trog
Uskayaw
Vehumet
Wu Jian
Xom
Yredelemnul

Shops:
D:3 =   D:4 *   D:7 :

Annotations:
D:3 2 transporters, exclusion: statue, BlueGoblin's ghost, amateur MeHu
D:4 3 runed translucent doors, xoxolimbo's ghost, amateur DsFE
D:10 Grum


Innate Abilities, Weirdness & Mutations

You are completely covered in icy blue scales. (AC +4, rC+)
You sometimes emit foul miasma when damaged in melee.
You have a tail ending in a sharp stinger.
You have a pair of small antennae on your head.
You are very robust. (+20% HP)


Message History

The wolf bites you but does no damage.
You closely miss the wolf.
The wolf is heavily wounded.
Grum closely misses you. You block the wolf's attack.
You closely miss the wolf.
The wolf is heavily wounded.
The wolf bites you but does no damage.
Grum snarls.
Grum hits you from afar with a -2 vorpal halberd!
The wolf closely misses you.
You hit the wolf but do no damage.
The wolf is heavily wounded.
Grum closely misses you. The wolf bites you.
You hit the wolf.
Your tail-slap misses the wolf.
The wolf is severely wounded.
You block the wolf's attack. Grum closely misses you.
You hit the wolf.
The wolf is almost dead.
The wolf pauses to sniff the ground.
The wolf bites you.
You emit a cloud of foul miasma!
The wolf is engulfed in dark miasma.
The wolf is poisoned.
The wolf seems to slow down.
You kill the wolf!
Okawaru accepts your kill.
Grum hits you from afar with a -2 vorpal halberd.
An orc priest comes into view. It is wielding a +0 dagger.
The orc priest shouts!
The wolf bites you!
* * * LOW HITPOINT WARNING * * *
You emit a cloud of foul miasma!
The wolf completely misses you.
The wolf is engulfed in dark miasma.
The wolf is poisoned.
The wolf bites you but does no damage. The acid dragon closely misses you.
The acid dragon misses you. Grum hits you with a -2 vorpal halberd!
* * * LOW HITPOINT WARNING * * *
x2 The wolf misses you.
The wolf is engulfed in dark miasma.
The wolf looks even sicker.
The warg pauses to sniff the ground.
The orc priest calls down the wrath of Beogh upon you.
Beogh smites you!
You die...

........h.......###..#..
.....##..o..†..o.....#..
##o #.######...#......
#.# #.......#.. #.#
####.......... #..
..##h_8_.....#.... ###
#. #Dg............#.
####'##h☼o...#.........
#....)@#h#.#.##>.......
.#......#.....##.##.#...
........####...........#
##.......# #.###.##..##.
#.....>.# #.###.##.....
#.......###.)...)<(....
..........)....#.######.
.###########...#... ###.
#........#...


You could see Grum, a warg, an orc warrior, an acid dragon, a wolf (very
poisoned) and an orc priest.

Vanquished Creatures
  Fannar (D:10)
  A catoblepas (D:10)
  Pikel (D:9)
  An unseen horror (D:9)
  4 trolls (D:9)
  A hornet (D:9)
  5 yaks (D:9)
  A vampire mosquito (D:10)
  A warg (D:10)
  An acid dragon (D:9)
  2 water moccasins
  3 ice beasts
  A sky beast (D:8)
  2 black bears
  2 ogres
  2 wolves (D:10)
  3 lemures (D:9)
  A phantom (D:6)
  3 kobold brigands
  6 bullfrogs
  3 gnoll sergeants
  3 necrophages
  3 scorpions
  5 wights (D:8)
  5 water moccasin zombies (Ossuary)
  A wyvern skeleton (D:6)
  9 killer bees (D:10)
  4 howler monkeys
  An oklob sapling (D:4)
  6 lava snakes (D:10)
  A bullfrog zombie (D:6)
  A centaur zombie (D:6)
  5 hounds
  A jelly (D:2)
  A bullfrog skeleton (D:6)
  Crazy Yiuf (D:7)
  A centaur skeleton (D:6)
  5 iguanas
  3 orc wizards
  3 mummies
  A howler monkey zombie (D:6)
  18 gnolls
  2 adders
  3 howler monkey skeletons (D:6)
  A shadow imp (D:7)
  A white imp (D:5)
  An ufetubus (D:6)
  3 adder zombies (Ossuary)
  2 worms
  2 dart slugs
  10 orcs
  4 bats
  6 endoplasms
  4 giant cockroaches
  8 gnoll zombies (Ossuary)
  9 goblins
  9 hobgoblins
  2 jackals (D:1)
  4 quokkas
  5 ball pythons
  3 frilled lizards
  7 hobgoblin zombies (Ossuary)
  14 kobolds
  5 kobold zombies (Ossuary)
  5 orc zombies
  4 rats
237 creatures vanquished.

Vanquished Creatures (others)
  An orc (D:4)
  2 fungi
  13 plants
  A withered plant (D:6)
17 creatures vanquished.

Grand Total: 254 creatures vanquished

Notes
Turn   | Place    | Note
-------+----------+-------------------------------------------
     0 | D:1      | BritishOli the Demonspawn Fighter began the quest for the
                  | Orb.
     0 | D:1      | Reached XP level 1. HP: 18/18 MP: 1/1
   399 | D:1      | Gained mutation: You may rarely emit foul miasma when
                  | damaged in melee. [demonic ancestry]
   399 | D:1      | Reached XP level 2. HP: 8/24 MP: 2/2
  1452 | D:2      | Gained mutation: You sometimes emit foul miasma when
                  | damaged in melee. [demonic ancestry]
  1452 | D:2      | Reached XP level 3. HP: 27/29 MP: 3/3
  1935 | D:2      | Gained mutation: You are partially covered in icy blue
                  | scales. (AC +2) [demonic ancestry]
  1935 | D:2      | Reached XP level 4. HP: 35/35 MP: 4/4
  2281 | D:2      | Found a faded altar of an unknown god.
  2740 | D:3      | Found a transporter.
  2740 | D:3      | Found a transporter.
  2754 | D:3      | Noticed an ogre
  2761 | D:3      | Killed an ogre
  2762 | D:3      | Reached skill level 4 in Fighting
  2762 | D:3      | Reached XP level 5. HP: 12/42 MP: 5/5
  3147 | D:3      | Found a radiant altar of Vehumet.
  3151 | D:3      | Noticed a charred statue
  3259 | D:3      | Found Yzockut's Jewellery Boutique.
  3334 | D:3      | Found a hide-covered altar of Uskayaw.
  3447 | D:3      | Noticed BlueGoblin's ghost (amateur MeHu)
  3825 | D:4      | Found a staircase to the Ecumenical Temple.
  3841 | Temple   | Entered the Ecumenical Temple
  4070 | D:4      | Reached XP level 6. HP: 18/48 MP: 6/6
  4323 | D:4      | Found Inataute's Fire Supplies.
  4718 | D:4      | Found a runed translucent gate.
  4718 | D:4      | Found a runed translucent gate.
  4719 | D:4      | Found a runed translucent gate.
  4719 | D:4      | Noticed xoxolimbo's ghost (amateur DsFE)
  5068 | D:5      | Entered Level 5 of the Dungeon
  5152 | D:5      | Identified the +7 trident of Ummeugg {speed, Str+3}
  5336 | D:5      | Gained mutation: You are mostly covered in icy blue scales.
                  | (AC +3) [demonic ancestry]
  5336 | D:5      | Reached XP level 7. HP: 55/55 MP: 7/7
  5379 | D:5      | Found a sand-covered staircase.
  5388 | Ossuary  | Entered an ossuary
  5521 | Ossuary  | Reached skill level 5 in Fighting
  5521 | Ossuary  | Reached skill level 1 in Dodging
  5836 | Ossuary  | Gained mutation: You are frail. (-10% HP) [potion of
                  | mutation]
  6190 | D:5      | Gained mutation: You have a small tail. [demonic ancestry]
  6190 | D:5      | Reached XP level 8. HP: 55/57 MP: 8/8
  6334 | D:6      | Reached skill level 6 in Fighting
  6334 | D:6      | Reached skill level 5 in Long Blades
  6890 | D:6      | Reached skill level 5 in Armour
  6890 | D:6      | Reached skill level 5 in Shields
  6898 | D:6      | Identified the +3 hand axe of Ambiguity {spect, Contam
                  | rN+++ rCorr SInv}
  7588 | D:7      | Reached XP level 9. HP: 63/63 MP: 9/9
  7657 | D:7      | Reached skill level 7 in Fighting
  8363 | D:7      | Found Qaemukk's Book Shop.
  8506 | D:7      | Found a runed translucent door.
  8507 | D:7      | Noticed Crazy Yiuf
  8834 | D:7      | Killed Crazy Yiuf
  8842 | D:7      | Lost mutation: You are frail. (-10% HP) [potion of
                  | mutation]
  8842 | D:7      | Gained mutation: You have a pair of small antennae on your
                  | head. [potion of mutation]
  8842 | D:7      | Gained mutation: You are robust. (+10% HP) [potion of
                  | mutation]
  8842 | D:7      | Gained mutation: You are very robust. (+20% HP) [potion of
                  | mutation]
  9995 | D:8      | Reached skill level 8 in Fighting
 10142 | D:9      | Noticed a troll
 10174 | D:9      | Gained mutation: You have a tail ending in a sharp stinger.
                  | [demonic ancestry]
 10174 | D:9      | Reached XP level 10. HP: 48/96 MP: 10/10
 10703 | D:9      | Found a broken altar of Ashenzari.
 10704 | D:9      | Found a bloodstained altar of Trog.
 10704 | D:9      | Found a sacrificial altar of Ru.
 10706 | D:9      | Found a stormy altar of Qazlal.
 10733 | D:9      | Found a shimmering blue altar of Sif Muna.
 10733 | D:9      | Found a snail-covered altar of Cheibriados.
 10791 | D:9      | Noticed Pikel
 11612 | D:9      | Reached skill level 9 in Fighting
 11728 | D:9      | Killed Pikel
 11729 | D:9      | Reached skill level 5 in Dodging
 12039 | D:10     | Entered Level 10 of the Dungeon
 12202 | D:10     | Noticed a catoblepas
 12233 | D:10     | Killed a catoblepas
 12753 | D:10     | Noticed Fannar
 12767 | D:10     | Killed Fannar
 12768 | D:10     | Gained mutation: You are completely covered in icy blue
                  | scales. (AC +4, rC+) [demonic ancestry]
 12768 | D:10     | Reached XP level 11. HP: 8/108 MP: 11/11
 13352 | D:10     | Found a staircase to the Orcish Mines.
 13358 | D:10     | Found an iron altar of Okawaru.
 13360 | D:10     | Found an ornate altar of the Wu Jian Council.
 13366 | D:10     | Became a worshipper of Warmaster Okawaru
 13377 | D:10     | Noticed Grum
 13406 | D:10     | Killed from afar by an orc priest

Illustrated notes

Levels and vault maps discovered:
D:1:      moated_graveyard_arrival, layout_basic, hangedman_decor_riveting
D:2:      layout_loops_corners, shapermc_ecumenical_altar_totnotflames
D:3:      layout_basic, nicolae_overflow_crystal_walls, vehumet_statue,
          gammafunk_ghost_gnarly_gnolls, serial_shops, shop,
          corexii_leaking_fountain, minmay_misc_feat_tiny
D:4:      layout_cave_pools, minmay_temple_entry_oklob,
          gammafunk_ghost_nasty_kobolds, nicolae_shop_fire_sale
          [nicolae_sub_dead_trees]
D:5:      layout_basic, nicolae_ossuary_entry_giza
D:6:      layout_basic, serial_undead, serial_undead_a, serial_undead_d,
          serial_undead_e, serial_undead_c
D:7:      layout_basic, serial_shops, nicolae_stop_n_shop_2,
          nicolae_concentric_dashed_squares_wild, minivault_24,
          uniq_crazy_yiuf_cottage
D:8:      layout_basic
D:9:      layout_loops_cross, grunt_temple_overflow_open, uniq_pikel
D:10:     kennysheep_big_flooded_room, layout_basic,
          chequers_temple_overflow_statue_of_worship, erik_lair_orcish_takeover,
          orc_0_dummy, jiyva_altar_1, uniq_fannar, uniq_grum
Temple:   cyrus_temple_forest

Skill      XL: |  1  2  3  4  5  6  7  8  9 10 |
---------------+-------------------------------+-----
Long Blades    | 2 3 4 5 7 8 |  8.7
Shields        | 3 4 5 6 |  6.9
Armour         | 3 4 5 6 |  6.9
Fighting       | 4 5 6 8 9 |  9.8
Dodging        | 1 3 4 5 |  5.4

Action                   |  1- 3 |  4- 6 |  7- 9 | 10-12 || total
-------------------------+-------+-------+-------+-------++-------
Melee: Long sword        |    84 |   186 |       |       ||   270
       Trident           |       |     5 |   433 |   260 ||   698
       Tailslap          |       |       |    36 |    29 ||    65
  Use: Scroll            |       |       |     7 |       ||     7
       Potion            |       |       |     2 |       ||     2
Armor: Scale mail        |    38 |   125 |   111 |   104 ||   378
Dodge: Dodged            |    49 |   144 |   132 |   162 ||   487
Block: Buckler           |    19 |    64 |    70 |    76 ||   229

Table legend: (Time is in decaauts)
 A = Elapsed time spent in this place.
 B = Non-inter-level travel time spent in this place.
 C = Inter-level travel time spent in this place.
 D = Time resting spent in this place.
 E = Time spent auto-exploring this place.
 F = Levels seen in this place.
 G = Mean time per level.
                   A        B        C        D        E       F      G
               +--------+--------+--------+--------+--------+-----+--------+
         Total |  13425 |  13106 |    319 |   3133 |   8205 |  12 | 1118.8 |
       Dungeon |  12769 |  12450 |    319 |   3133 |   7760 |  10 | 1276.9 |
        Temple |    211 |    211 |      0 |      0 |    143 |   1 |  211.0 |
       Ossuary |    444 |    444 |      0 |      0 |    302 |   1 |  444.0 |
               +--------+--------+--------+--------+--------+-----+--------+

Top non-repeatable levels by time:
     D:9: 1798 daAuts
     D:7: 1530 daAuts
     D:8: 1467 daAuts
     D:1: 1419 daAuts
     D:2: 1255 daAuts
     D:4: 1202 daAuts
    D:10: 1137 daAuts
     D:6: 1112 daAuts
     D:3: 1059 daAuts
     D:5: 786 daAuts
 Ossuary: 444 daAuts
  Temple: 211 daAuts
